 Dungeon Crawl Stone Soup version 0.32-a0-391-gce5c0aab1b (webtiles) character file.

Game seed: 16399398062789982090

94 adelrune the Vexing (level 4, -1/33 HPs)
             Began as a Coglin Hexslinger on Feb 19, 2024.
             Slain by an orc wizard
             ... wielding a +0 dagger
              (4 damage)
             ... on level 2 of the Dungeon.
             The game lasted 00:04:08 (1322 turns).

adelrune the Vexing (Coglin Hexslinger)             Turns: 1322, Time: 00:04:09

Health: -1/33      AC:  2    Str:  8    XL:     4   Next: 63%
Magic:  5/6        EV: 10    Int: 13    God:
Gold:   99         SH:  0    Dex: 18    Spells: 4/6 levels left

rFire   . . .        a - +1 sling {Nimrit}
rCold   . . .        (no shield)
rNeg    . . .        c - +0 robe
rPois   .            (no helmet)
rElec   .            (no cloak)
rCorr   .            (no gloves)
SInv    .            (no boots)
Will    .....        (no amulet)
Stlth   ++           (no ring)
HPRegen 0.25/turn    (no ring)
MPRegen 0.10/turn

%: no passive effects
@: weak-willed, constricted, revved, stiff-legged, very slow
A: off-hand wielding, slow wielding, warmup strikes, warmup strides
a: no special abilities


You were on level 2 of the Dungeon.
You visited 1 branch of the dungeon, and saw 2 of its levels.

You collected 99 gold pieces.

Inventory:

Hand Weapons
 a - a +1 sling (weapon) {Nimrit}
Armour
 c - a +0 robe (worn)
Wands
 m - a wand of light (11)
Scrolls
 b - a scroll of poison
 d - 2 scrolls of identify {unknown}
 h - a scroll of fog {unknown}
 j - a scroll of vulnerability {unknown}
 n - 2 scrolls of brand weapon {unknown}
Potions
 e - 2 potions of magic {unknown}
 f - a potion of lignification {unknown}
 g - a potion of mutation {unknown}
 i - 2 potions of heal wounds {unknown}
 k - a potion of might {unknown}
 l - a potion of degeneration {unknown}


   Skills:
 + Level 1.9 Fighting
 * Level 2.9 Ranged Weapons
 + Level 2.3 Dodging
 + Level 1.5 Spellcasting
 + Level 3.1 Hexes
 - Level 0.8 Fire Magic


You had 4 spell levels left.
You knew the following spells:

 Your Spells              Type           Power      Damage    Failure   Level
a - Jinxbite              Hex            18%        N/A       12%         2

Your spell library contained the following spells:

 Spells                   Type           Power      Damage    Failure   Level
 Sigil of Binding         Hex            9%         N/A       22%         3
 Inner Flame              Hex/Fire       6%         N/A       34%         3
 Cause Fear               Hex            4%         N/A       58%         4
 Dimensional Bullseye     Hex/Tloc       2%         N/A       80%         4
 Dispel Undead            Necr           0%         3d6       95%         4
 Olgreb's Toxic Radiance  Alch           0%         N/A       95%         4
 Death Channel            Necr           0%         N/A       100%        6


Dungeon Overview and Level Annotations

Branches:
Dungeon (2/15)

Altars:
Cheibriados


Innate Abilities, Weirdness & Mutations

You can wield a second weapon in your off-hand.
It takes a long time for you to wield or remove held weapons.
Your first few attacks do less damage.
Your first movements take longer.


Message History

You hear some strange, mumbled words.
A puff of flame appears from out of thin air!
The puff of flame misses you.
Unknown command.
Non-targeted confused fire: a) +1 sling {Nimrit}
Press: ? - help, Q - select action, (/) - cycle Dir - look around, f - activate Look: a dart slug You shoot a sling bullet.
The sling bullet hits the orc wizard but does no damage.
The ball python bites you. The ball python closely misses you.
Something completely misses you. The orc wizard closely misses you.
The ball python barely misses you. The ball python grabs you.
The ball python constricts you.
Unknown command.
Non-targeted confused fire: a) +1 sling {Nimrit}
Press: ? - help, Q - select action, (/) - cycle Dir - look around, f - activate Look: an orc, wielding a +0 hand axe You shoot a sling bullet.
The sling bullet closely misses the orc wizard.
You hear some strange, mumbled words.
A magic dart appears from out of thin air!
The magic dart hits you!
The orc wizard points at you and mumbles some strange words.
The magic dart hits you. The ball python bites you.
The ball python constricts you. Something hits you.
The orc wizard casts a spell at you. The magic dart hits you.
* * * LOW HITPOINT WARNING * * *
Unknown command.
You shoot a sling bullet. The sling bullet hits the orc!
You kill the orc!
You feel less confused. The ball python bites you.
* * * LOW HITPOINT WARNING * * *
The ball python constricts you. Something completely misses you.
The ball python bites you.
* * * LOW HITPOINT WARNING * * *
The ball python constricts you.
The orc wizard hits you with a +0 dagger.
You die...

....... ..# ....... ...
....... . .. # .....# #
. #. . ..... . ...#.#.
... # ..# #.#..##S####..
. #.# #.# #.....@{w..'..
. #.# #.# #.##...o#..#..
. #.# #.# #.##.##### ...
. #.# #.# #........# .
#.# #.# #........# #.#
#.# #........# #.
#.#####[###........# #.
..................####.#
#.#####.######..........


You could see an orc wizard, a dart slug and a ball python.

Vanquished Creatures
  2 adders (D:2)
  A ribbon worm (D:2)
  2 orcs (D:2)
  4 endoplasms
  5 giant cockroaches
  3 goblins
  4 hobgoblins
  2 jackals (D:1)
  7 ball pythons
  3 bats
  2 frilled lizards
  3 kobolds (D:1)
  4 rats (D:1)
42 creatures vanquished.

Notes
Turn   | Place    | Note
-------+----------+-------------------------------------------
     0 | D:1      | adelrune the Coglin Hexslinger began the quest for the Orb.
     0 | D:1      | Reached XP level 1. HP: 15/15 MP: 2/2
    46 | D:1      | Reached XP level 2. HP: 16/21 MP: 3/3
   105 | D:1      | Learned a level 2 spell: Jinxbite
   334 | D:1      | Reached XP level 3. HP: 26/26 MP: 1/4
   772 | D:2      | Reached skill level 3 in Hexes
   772 | D:2      | Reached XP level 4. HP: 33/33 MP: 2/6
   844 | D:2      | Found a snail-covered altar of Cheibriados.
  1201 | D:2      | Got Sif Muna's Papyrus of Spagyria and Despair
  1322 | D:2      | Slain by an orc wizard

Illustrated notes

Levels and vault maps discovered:
D:1:      enne_arrival_octagon_isle, layout_basic
D:2:      layout_basic, basic_altar, grunt_ministairs_14, amethyst_killhole

Skill      XL: |  1  2  3 |
---------------+----------+-----
Ranged Weapons | 2 |  2.9
Dodging        | 2 |  2.3
Hexes          | 3 |  3.1
Fighting       | |  1.9
Spellcasting   | |  1.5
Fire Magic     | |  0.8

Action                     |  1- 3 |  4- 6 || total
---------------------------+-------+-------++-------
   Fire: Sling             |    69 |    45 ||   114
   Cast: Jinxbite          |     7 |     6 ||    13
 Armour: Robe              |    23 |    14 ||    37
  Dodge: Dodged            |    27 |     8 ||    35

Table legend: (Time is in decaauts)
 A = Elapsed time spent in this place.
 B = Non-inter-level travel time spent in this place.
 C = Inter-level travel time spent in this place.
 D = Time resting spent in this place.
 E = Time spent auto-exploring this place.
 F = Levels seen in this place.
 G = Mean time per level.
                   A        B        C        D        E       F      G
               +--------+--------+--------+--------+--------+-----+--------+
         Total |   1396 |   1387 |      9 |    185 |    963 |   2 |  698.0 |
       Dungeon |   1396 |   1387 |      9 |    185 |    963 |   2 |  698.0 |
               +--------+--------+--------+--------+--------+-----+--------+

Top non-repeatable levels by time:
     D:1: 774 daAuts
     D:2: 621 daAuts
